 Dungeon Crawl Stone Soup version 0.19.1 (webtiles) character file.

466 ChaseSP the Shield-Bearer (level 7, -4/52 HPs)
             Began as a Formicid Fighter on Dec 3, 2016.
             Was an Initiate of Qazlal.
             Killed by divine providence
             ... invoked by an orc priest
              (12 damage)
             ... on level 4 of the Dungeon.
             The game lasted 00:05:45 (2974 turns).

ChaseSP the Shield-Bearer (Formicid Fighter)        Turns: 2974, Time: 00:05:47

Health: -4/52      AC: 13    Str: 21    XL:     7   Next: 30%
Magic:  7/7        EV:  8    Int:  8    God:    Qazlal [......]
Gold:   256        SH: 10    Dex: 11    Spells: 0 memorised, 6 levels left

rFire  + + .     SeeInvis +     a - +0 war axe
rCold  . . .     Gourm    .     y - +2 scale mail {rF+}
rNeg   . . .     Faith    .     c - +0 shield
rPois  .         Spirit   .     (helmet unavailable)
rElec  .         Reflect  .     (no cloak)
rCorr  .         Harm     .     C - +0 pair of gloves
MR     .....                    (no boots)
Stlth  ..........               (no amulet)
                                d - +3 ring of protection
                                o - ring of protection from fire

@: no status effects
A: permanent stasis, dig shafts and tunnels, four strong arms, antennae 3
a: Dig, Shaft Self, Renounce Religion


You were on level 4 of the Dungeon.
You worshipped Qazlal.
Qazlal was noncommittal.
You were not hungry.

You visited 2 branches of the dungeon, and saw 5 of its levels.

You collected 256 gold pieces.

Inventory:

Hand Weapons
 a - a +0 war axe (weapon)
 x - a +2 flail of holy wrath
Missiles
 B - 56 bolts
Armour
 c - a +0 shield (worn)
 y - a +2 scale mail of fire resistance (worn)
 C - a +0 pair of gloves (worn)
Jewellery
 d - a +3 ring of protection (right hand)
 i - a +3 ring of strength
 o - a ring of protection from fire (left hand)
 I - an uncursed amulet of regeneration {unknown}
Scrolls
 g - a scroll of teleportation {unknown}
 j - 3 scrolls of amnesia {unknown}
 k - 3 scrolls of magic mapping {unknown}
 n - a scroll of enchant armour {unknown}
 r - 4 scrolls of identify {unknown}
 s - a scroll of immolation {unknown}
 u - 2 scrolls of enchant weapon {unknown}
 A - 2 scrolls of recharging {unknown}
 D - a scroll of noise {unknown}
 G - a scroll of remove curse {unknown}
Potions
 e - 2 potions of degeneration {unknown}
 h - 2 potions of curing
 m - a potion of berserk rage {unknown}
 p - 3 potions of magic {unknown}
 q - a potion of might
 t - a potion of flight {unknown}
 v - 2 potions of brilliance {unknown}
 w - 2 potions of heal wounds {unknown}
 H - a potion of invisibility {unknown}
Comestibles
 b - 4 fruits
 f - 4 bread rations
 l - a meat ration
 z - a slice of pizza
 E - 2 beef jerkies


   Skills:
 - Level 3.2 Fighting
 * Level 6.1 Axes
 - Level 3.2 Armour
 + Level 6.1 Shields


You had 6 spell levels left.
You didn't know any spells.

Dungeon Overview and Level Annotations

Branches:
Dungeon (4/15)             Temple (1/1) D:4

Altars:
Ashenzari
Cheibriados
Dithmenos
Fedhas
Gozag
Hepliaklqana
Kikubaaqudgha
Makhleb
Nemelex Xobeh
Okawaru
Qazlal
Ru
Trog
Uskayaw
Xom
The Shining One

Shops:
D:4 :


Innate Abilities, Weirdness & Mutations

You are under a permanent stasis effect.
You can dig through walls and to a lower floor.
Your four strong arms can wield two-handed weapons with a shield.
You have a pair of large antennae on your head. (SInv)


Message History

Unknown command.
You hit the orc priest but do no damage.
The orc priest is heavily wounded.
The orc priest hits you but does no damage.
Unknown command.
You barely miss the orc priest.
The orc priest is heavily wounded.
The orc priest hits you but does no damage.
Unknown command.
You barely miss the orc priest.
The orc priest is heavily wounded.
You block the orc priest's attack.
You hit the orc priest.
The orc priest is almost dead.
The orc priest invokes the aid of Beogh against you.
Beogh smites you!
* * * LOW HITPOINT WARNING * * *
The orc priest invokes the aid of Beogh against you.
Beogh smites you!
You die...

### ##@# #o## ###{####
###########....o.#
#........##.####.##
#.........#.#{....#########
###.........#....#..#{.......
#......o....######..#..≈≈≈...
#.#o..{.....##......#.≈≈≈≈≈..


You could see an orc priest.

Vanquished Creatures
  Sigmund (D:2)
  Blork the orc (D:4)
  2 orc wizards (D:4)
  Jessica (D:2)
  Terence (D:2)
  3 adders
  An adder skeleton (D:4)
  An adder zombie (D:3)
  A worm (D:2)
  A dart slug (D:2)
  2 leopard geckos
  12 orcs
  A ball python (D:1)
  4 giant cockroaches
  9 goblins
  5 hobgoblins
  7 jackals
  9 bats
  4 frilled lizards
  9 kobolds
  6 rats
81 creatures vanquished.

Notes
Turn   | Place    | Note
-------+----------+-------------------------------------------
     0 | D:1      | ChaseSP the Formicid Fighter began the quest for the Orb.
     0 | D:1      | Reached XP level 1. HP: 18/18 MP: 1/1
   202 | D:1      | Reached XP level 2. HP: 24/24 MP: 2/2
   257 | D:1      | Reached XP level 3. HP: 19/29 MP: 3/3
   749 | D:2      | Noticed Jessica
   760 | D:2      | Killed Jessica
   760 | D:2      | Reached XP level 4. HP: 35/35 MP: 4/4
   843 | D:2      | Noticed Sigmund
   857 | D:2      | Killed Sigmund
   857 | D:2      | Reached skill level 5 in Axes
   857 | D:2      | Reached skill level 5 in Shields
   857 | D:2      | Reached XP level 5. HP: 32/41 MP: 5/5
   857 | D:2      | Reached XP level 6. HP: 37/47 MP: 6/6
  1160 | D:2      | Found a snail-covered altar of Cheibriados.
  1280 | D:2      | Noticed Terence
  1294 | D:2      | Killed Terence
  2149 | D:4      | Got a twitching copper amulet
  2155 | D:4      | Identified the amulet of the Endless Nights {*Corrode +Rage Str-2 Int+5 SInv} (You found it on level 4 of the Dungeon)
  2179 | D:4      | Found a blossoming altar of Fedhas.
  2430 | D:4      | Reached XP level 7. HP: 52/52 MP: 7/7
  2488 | D:4      | Found a staircase to the Ecumenical Temple.
  2522 | Temple   | Entered the Ecumenical Temple
  2577 | Temple   | Became a worshipper of Qazlal Stormbringer
  2707 | D:4      | Noticed Blork the orc
  2757 | D:4      | Killed Blork the orc
  2947 | D:4      | Found Puriuwi's Book Shop.
  2974 | D:4      | Killed from afar by an orc priest

Skill      XL: |  1  2  3  4  5  6  7 |
---------------+----------------------+-----
Shields        | 4 5 6 |  6.1
Axes           | 3 5 6 |  6.1
Fighting       | |  3.2
Armour         | |  3.2

Action                   |  1- 3 |  4- 6 |  7- 9 || total
-------------------------+-------+-------+-------++-------
Melee: War axe           |   104 |   128 |    35 ||   267
 Abil: Dig               |       |     1 |     1 ||     2
  Use: Potion            |       |     1 |       ||     1
  Eat: Chunk             |       |     5 |     2 ||     7
Armor: Scale mail        |    49 |    38 |    13 ||   100
Dodge: Dodged            |    41 |    37 |     9 ||    87
Block: Shield            |    50 |    61 |    11 ||   122
